 Dungeon Crawl Stone Soup version 0.29.1-2-gbd0b4ee654 (webtiles) character file.

Game seed: 7710585751831098976

343 qeuew the Covert (level 6, -1/37 (41) HPs)
             Began as an Octopode Brigand on Nov 3, 2022.
             Slain by a goblin
             ... wielding a +0 dagger
             ... led by Robin
              (3 damage)
             ... on level 3 of the Dungeon.
             The game lasted 00:04:14 (2161 turns).

qeuew the Covert (Octopode Brigand)                 Turns: 2161, Time: 00:04:14

HP:   -1/37 (41)    AC:  1    Str: 10    XL:     6   Next: 57%
MP:   6/6           EV: 13    Int: 14    God:
Gold: 76            SH:  0    Dex: 15    Spells: 5/5 levels left

rFire   . . .      SeeInvis .   i - +2 short sword (freeze)
rCold   . . .      Faith    .   (no shield)
rNeg    . . .      Spirit   .   (helmet restricted)
rPois   .          Reflect  .   (no amulet)
rElec   .          Harm     .   (no ring)
rCorr   .          Rampage  .   (no ring)
Will    .....                   (no ring)
Stlth   +++++.....              (no ring)
HPRegen 0.12/turn               (no ring)
MPRegen 0.10/turn               (no ring)
                                (no ring)
                                (no ring)

@: on berserk cooldown, slowed, drained, very slow
A: almost no armour, amphibious, 8 rings, camouflage 1, gelatinous body 1,
(nimble swimmer 1), tentacles
a: no special abilities


You were on level 3 of the Dungeon.
You visited 1 branch of the dungeon, and saw 4 of its levels.

You collected 76 gold pieces.

Inventory:

Hand Weapons
 i - a +2 short sword of freezing (weapon)
Missiles
 b - 14 poisoned darts (quivered)
 c - 3 curare-tipped darts
Scrolls
 a - a scroll of magic mapping
 d - a scroll of teleportation
 e - a scroll of enchant armour
Potions
 g - 2 potions of curing


   Skills:
 + Level 2.4 Fighting
 + Level 3.1 Short Blades
 + Level 2.0 Throwing
 + Level 1.9 Dodging
 + Level 9.4 Stealth


You had 5 spell levels left.
You didn't know any spells.
Your spell library contained the following spells:

 Spells                   Type           Power      Damage    Failure   Level
 Apportation              Tloc           0%         N/A       28%         1
 Necrotise                Necr           0%         1d4       28%         1
 Summon Small Mammal      Summ           0%         N/A       28%         1


Dungeon Overview and Level Annotations

Branches:
Dungeon (4/15)
 Temple: D:4-7

Altars:
Hepliaklqana

Annotations:
D:4 Pikel, Robin


Innate Abilities, Weirdness & Mutations

You cannot wear most types of armour.
You are amphibious.
You can wear up to eight rings at the same time.
Your skin changes colour to match your surroundings (Stealth+).
Your rubbery body absorbs attacks. (AC +1, EV +1)
((You are camouflaged when in or above water. (Stealth+)))
You have tentacles for arms and can constrict up to eight enemies at once.


Message History

Unknown command.
The goblin attacks as you move away! The goblin hits you but does no damage.
The gnoll closely misses you.
Items here: )))) [[.
The gnoll closely misses you.
Okay, then.
It was a potion of berserk rage.
A red film seems to cover your vision as you go berserk!
You feel yourself moving faster!
You feel mighty! The gnoll closely misses you.
The goblin hits you with a +1 dagger of draining.
* * * LOW HITPOINT WARNING * * *
You feel drained.
* * * LOW HITPOINT WARNING * * *
You feel a strong urge to attack something.
You feel your anger nearly subside.
You are no longer berserk.
You are exhausted.
You feel yourself slow down.
The goblin no longer looks unusually strong.
Throw: 15 darts (poison)
Press: ? - help, Q - select action, (/) - cycle Shift-Dir - straight line, f - goblin
Aim: a goblin, wielding a +1 dagger of draining (53% to hit)
You throw a poisoned dart. The poisoned dart hits the goblin.
The goblin is poisoned.
Unknown command.
You barely miss the goblin. Your grab misses the goblin.
The goblin is moderately wounded.
The goblin hits you with a +1 dagger of draining.
* * * LOW HITPOINT WARNING * * *
You feel drained.
Unknown command.
The goblin closely misses you. The goblin attacks as you move away!
The goblin barely misses you. The goblin attacks as you move away!
The goblin hits you but does no damage. The goblin closely misses you.
The goblin hits you with a +0 dagger.
* * * LOW HITPOINT WARNING * * *
The goblin attacks as you move away! The goblin closely misses you.
The goblin looks more healthy.
The goblin attacks as you move away! The goblin hits you with a +0 dagger.
You die...

.......# #..#.##.#..^.......
.##...## ####.<....###..#...
......## ####.#.....##...
.......#### #######..#.........
......>)..## #.|...........#.##.
....).###(.####.......#.....#.##.
##....................####.......
##..####......g......###.....###
##..# ##....gg@.........#...#
#...# ######.........###...#
#..## #...............### ##..##
#................†. #....#
##########......### #....#
##........ #....# ###......
#....# ######. #....# #.


You could see a gnoll and 2 goblins.

Vanquished Creatures
  Eustachio (D:4)
  A lemure (D:4)
  An iguana (D:4)
  2 orc wizards
  5 adders
  3 dart slugs
  2 worms
  8 orcs
  6 ball pythons
  4 endoplasms
  A giant cockroach (D:2)
  8 goblins
  7 hobgoblins
  2 quokkas
  A bat (D:1)
  A frilled lizard (D:2)
  4 kobolds
  5 rats
62 creatures vanquished.

Vanquished Creatures (others)
  2 plants (D:2)
  4 withered plants (D:2)
6 creatures vanquished.

Grand Total: 68 creatures vanquished

Notes
Turn   | Place    | Note
-------+----------+-------------------------------------------
     0 | D:1      | qeuew the Octopode Brigand began the quest for the Orb.
     0 | D:1      | Reached XP level 1. HP: 14/14 MP: 1/1
   197 | D:1      | Reached skill level 6 in Stealth
   197 | D:1      | Reached XP level 2. HP: 19/19 MP: 2/2
   661 | D:2      | Reached XP level 3. HP: 24/24 MP: 3/3
   673 | D:2      | Reached skill level 7 in Stealth
   673 | D:2      | Reached XP level 4. HP: 29/29 MP: 4/4
   770 | D:2      | Found a faded altar of an unknown god.
  1356 | D:3      | Reached skill level 8 in Stealth
  1356 | D:3      | Reached XP level 5. HP: 19/34 MP: 5/5
  1654 | D:3      | Found a hazy altar of Hepliaklqana.
  1892 | D:4      | Noticed a lemure
  1901 | D:4      | Noticed Pikel
  1913 | D:4      | Killed a lemure
  1975 | D:4      | Noticed Eustachio
  1978 | D:4      | Killed Eustachio
  1979 | D:4      | Reached skill level 9 in Stealth
  1979 | D:4      | Reached XP level 6. HP: 41/41 MP: 6/6
  2069 | D:4      | Noticed Robin
  2159 | D:3      | HP: 1/37 [goblin/+0 dagger[Robin] (1)]
  2161 | D:3      | Slain by a goblin

Illustrated notes

Levels and vault maps discovered:
D:1:      wander_arrival_estate, layout_rooms, kennysheep_decorative_pillar,
          hex_intersection
D:2:      layout_rooms, shapermc_ecumenical_altar_flowoftime
D:3:      layout_rooms, worldfamousw_hep_ancestral_shrine
D:4:      layout_rooms, chei_slow_surprise, uniq_pikel, uniq_robin,
          uniq_eustachio

Skill      XL: |  1  2  3  4  5 |
---------------+----------------+-----
Stealth        | 6 7 8 9 |  9.4
Short Blades   | 3 |  3.1
Fighting       | |  2.4
Throwing       | |  2.0
Dodging        | |  1.9

Action                   |  1- 3 |  4- 6 || total
-------------------------+-------+-------++-------
Melee: Dagger            |    17 |       ||    17
       Constrict         |     4 |    18 ||    22
       Tentacles         |     1 |    16 ||    17
       Short sword       |     9 |    77 ||    86
       Punch             |       |     1 ||     1
Throw: Dart              |       |     1 ||     1
  Use: Scroll            |     4 |     4 ||     8
       Potion            |       |     5 ||     5
 Stab: Sleeping          |    11 |    14 ||    25
       Distracted        |       |     1 ||     1
Armor: Skin              |     2 |     7 ||     9
Dodge: Dodged            |     7 |    54 ||    61
